cohdb
Replays
Latest Replays
All Replays
Popular Replays
Top Player Replays
Match Explorer
How It Works
Community
CoH3 Stats
Reddit
Sign in to upload your games and track your stats! →
Sign in with Steam
Match 41292990
Unlisted
Match 41292990
Overview
Messages
Build Orders
End
Kettenkrad Recon Vehicle
Construct Infanterie Kompanie
Selects Luftwaffe Battlegroup
Selects Luftwaffe Pioneer Support
Grenadier Squad
Grenadier Squad
Grenadier Squad
MG 42 Machine Gun Team
Construct Luftwaffe Kompanie
Flak 30 Anti-aircraft Gun Team
Selects Reconnaissance Run
Selects Fallschirmjäger Squad Paradrop
Selects LG40 Recoilless Gun Paradrop
LG40 Recoilless Gun Paradrop
Flak 30 Anti-aircraft Gun Team
Support Elements
Pioneer Squad
Medical Station
Marder III M Tank Destroyer
Pioneer Squad
Wirbelwind Flakpanzer
Selects Stuka Loiter
Jopjahh
Tolya
0
0
Comments
sign in to comment!
No comments posted yet!